[ AOE2 MATCH · #507986566 ]
UnrankedBurmese vs Wei
Player's team · WIN
Rival team · LOSS
[ REPLAY ANALYSIS · EXTRACTED FROM THE RECORDED GAME ]
Feudal
9:17
Castle
—
Imperial
—
| APM avg | 78.1 |
| APM peak | 102 |
| eAPM avg | 25.5 |
| Villagers / military | 34 / 15 |
Focus
⚔️ 35.3% · 🌾 64.7%
Skirmisher ×11 · Militia ×4
Feudal
8:36
Castle
—
Imperial
—
| APM avg | 94.0 |
| APM peak | 134 |
| eAPM avg | 53.9 |
| Villagers / military | 39 / 15 |
Focus
⚔️ 76.4% · 🌾 23.6%
Skirmisher ×11 · Archer ×3 · Spearman ×1
Match map
Initial resources + every placement click. Lines = walls · curves = elevation contours. ◆ gold · ⬟ stone · ● berries · ✦ relic · ◌ wall gap
Your base· Open — unwalled flank
z1unknown's base· Open — unwalled flank
Smoothed initial terrain · ◌ = detected wall gap · hover for details
Inputs per minute
— [RUS-F]Believe_me - - z1unknown
Build order — [RUS-F]Believe_me
95 actions detected in the replay
| 0:00 | Queue | Villager (Male) ×4 |
| 0:02 | Build | House |
| 0:02 | Build | House |
| 1:27 | Queue | Villager (Male) |
| 1:48 | Build | Lumber Camp |
| 1:59 | Queue | Villager (Male) |
| 2:15 | Queue | Villager (Male) |
| 2:46 | Queue | Villager (Male) |
| 3:03 | Queue | Villager (Male) |
| 3:40 | Queue | Villager (Male) |
| 3:41 | Build | House |
| 3:59 | Queue | Villager (Male) |
| 4:31 | Queue | Villager (Male) |
| 4:54 | Queue | Villager (Male) |
| 5:01 | Build | Barracks |
| 5:26 | Queue | Villager (Male) |
| 5:27 | Queue | Villager (Male) |
| 6:06 | Research | Loom |
| 6:45 | Build | Mill |
| 7:07 | Research | Feudal Age |
| 7:26 | Queue | Militia |
| 7:28 | Build | House |
| 7:46 | Queue | Militia |
| 8:01 | Queue | Militia |
| 8:02 | Queue | Militia |
| 8:06 | Build | Mining Camp |
| 8:30 | Queue | Villager (Male) |
| 9:17 | Age | Feudal Age |
| 9:25 | Research | Man-at-Arms (upgrade) |
| 9:43 | Queue | Villager (Male) |
| 9:53 | Queue | Villager (Male) |
| 9:57 | Build | House |
| 10:12 | Build | Mill |
| 10:17 | Build | House |
| 10:26 | Build | Archery Range |
| 10:32 | Queue | Villager (Male) |
| 10:47 | Queue | Villager (Male) |
| 11:09 | Research | Horse Collar |
| 11:09 | Queue | Villager (Male) |
| 11:14 | Queue | Villager (Male) |
| 11:17 | Build | Palisade Wall |
| 11:19 | Build | Palisade Wall |
| 11:20 | Build | Palisade Wall |
| 11:20 | Build | Palisade Wall |
| 11:21 | Queue | Skirmisher |
| 11:21 | Queue | Skirmisher |
| 11:35 | Build | Farm |
| 11:36 | Build | Farm |
| 11:37 | Build | Farm |
| 11:37 | Queue | Villager (Male) |
| 11:53 | Queue | Skirmisher |
| 11:57 | Build | House |
| 12:04 | Queue | Villager (Male) |
| 12:22 | Build | Palisade Wall |
| 12:30 | Queue | Villager (Male) |
| 12:36 | Build | House |
| 12:39 | Queue | Skirmisher |
| 12:49 | Build | Blacksmith |
| 12:51 | Build | House |
| 12:52 | Build | Palisade Wall |
| 12:52 | Build | Palisade Wall |
| 13:10 | Build | Farm |
| 13:10 | Queue | Villager (Male) |
| 13:16 | Build | Farm |
| 13:32 | Build | Farm |
| 13:38 | Queue | Skirmisher |
| 13:38 | Queue | Skirmisher |
| 13:44 | Queue | Villager (Male) |
| 13:47 | Build | Farm |
| 14:02 | Research | Fletching |
| 14:16 | Queue | Skirmisher |
| 14:20 | Queue | Skirmisher |
| 14:31 | Queue | Villager (Male) |
| 14:34 | Build | Palisade Wall |
| 14:40 | Build | Farm |
| 14:41 | Build | Farm |
| 15:14 | Queue | Skirmisher |
| 15:14 | Queue | Villager (Male) |
| 15:14 | Queue | Villager (Male) |
| 15:18 | Build | Farm |
| 15:19 | Build | Farm |
| 15:26 | Queue | Skirmisher |
| 15:44 | Queue | Villager (Male) |
| 15:46 | Build | Farm |
| 15:47 | Build | Farm |
| 15:48 | Build | Farm |
| 15:49 | Build | Farm |
| 15:55 | Queue | Skirmisher |
| 16:10 | Build | House |
| 16:31 | Queue | Villager (Male) |
| 16:33 | Build | House |
| 16:34 | Build | House |
| 16:36 | Build | Palisade Wall |
| 16:54 | Queue | Villager (Male) |
| 16:58 | Queue | Villager (Male) |
Build order — z1unknown
99 actions detected in the replay
| 0:00 | Queue | Villager (Male) |
| 0:00 | Queue | Villager (Male) |
| 0:01 | Queue | Villager (Male) |
| 0:02 | Build | House |
| 0:03 | Build | House |
| 0:04 | Queue | Villager (Male) |
| 1:23 | Queue | Villager (Male) |
| 2:02 | Queue | Villager (Male) |
| 2:04 | Queue | Villager (Male) |
| 2:53 | Queue | Villager (Male) |
| 2:53 | Queue | Villager (Male) |
| 2:59 | Build | Mill |
| 3:25 | Queue | Villager (Male) |
| 3:29 | Build | House |
| 3:41 | Queue | Villager (Male) |
| 4:09 | Build | House |
| 4:20 | Queue | Villager (Male) |
| 4:27 | Queue | Villager (Male) |
| 4:48 | Build | Lumber Camp |
| 4:56 | Queue | Villager (Male) |
| 5:05 | Research | Loom |
| 6:21 | Queue | Villager (Male) |
| 6:26 | Research | Feudal Age |
| 7:20 | Queue | Villager (Male) |
| 7:26 | Build | Barracks |
| 8:15 | Build | House |
| 8:36 | Age | Feudal Age |
| 8:44 | Build | Archery Range |
| 8:53 | Queue | Villager (Male) |
| 9:10 | Queue | Spearman |
| 9:16 | Queue | Villager (Male) |
| 9:32 | Queue | Archer |
| 9:44 | Queue | Villager (Male) |
| 9:59 | Build | Mill |
| 10:04 | Queue | Villager (Male) |
| 10:08 | Queue | Skirmisher |
| 10:13 | Build | House |
| 10:28 | Build | House |
| 10:30 | Build | House |
| 10:38 | Queue | Villager (Male) |
| 10:39 | Queue | Skirmisher |
| 10:47 | Build | Mining Camp |
| 10:49 | Build | House |
| 11:20 | Build | Palisade Wall |
| 11:22 | Queue | Villager (Male) |
| 11:25 | Build | House |
| 11:27 | Build | Palisade Wall |
| 11:28 | Build | Palisade Wall |
| 11:41 | Build | Farm |
| 11:42 | Build | Farm |
| 11:52 | Queue | Villager (Male) |
| 11:54 | Build | Farm |
| 12:03 | Build | Palisade Wall |
| 12:03 | Build | Palisade Wall |
| 12:04 | Build | Palisade Wall |
| 12:23 | Build | Farm |
| 12:26 | Build | Farm |
| 12:29 | Queue | Villager (Male) |
| 12:42 | Queue | Archer |
| 12:56 | Queue | Villager (Male) |
| 13:00 | Build | Palisade Wall |
| 13:02 | Build | Palisade Wall |
| 13:02 | Build | Palisade Wall |
| 13:06 | Build | House |
| 13:13 | Build | Palisade Wall |
| 13:15 | Queue | Villager (Male) |
| 13:17 | Queue | Skirmisher |
| 13:29 | Queue | Villager (Male) |
| 13:41 | Queue | Skirmisher |
| 13:43 | Queue | Villager (Male) |
| 13:49 | Queue | Skirmisher |
| 13:52 | Research | Double-Bit Axe |
| 13:57 | Build | Farm |
| 14:14 | Queue | Skirmisher |
| 14:15 | Queue | Villager (Male) |
| 14:31 | Build | Farm |
| 14:42 | Queue | Villager (Male) |
| 14:53 | Queue | Villager (Male) |
| 15:07 | Queue | Villager (Male) |
| 15:13 | Queue | Archer |
| 15:14 | Queue | Villager (Male) |
| 15:18 | Build | Farm |
| 15:23 | Build | Farm |
| 15:30 | Queue | Skirmisher |
| 15:31 | Queue | Villager (Male) |
| 15:33 | Build | Farm |
| 15:45 | Build | Farm |
| 15:57 | Queue | Villager (Male) |
| 16:03 | Queue | Skirmisher |
| 16:10 | Queue | Villager (Male) |
| 16:18 | Queue | Skirmisher |
| 16:27 | Queue | Villager (Male) |
| 16:31 | Build | Blacksmith |
| 16:33 | Queue | Skirmisher |
| 16:39 | Build | Farm |
| 16:40 | Queue | Villager (Male) |
| 16:54 | Build | Palisade Wall |
| 16:56 | Queue | Villager (Male) |
| 16:59 | Queue | Skirmisher |
Match timeline
| 5:01 | [RUS-F]Believe_me · first_building Barracks |
| 7:26 | z1unknown · first_building Barracks |
| 8:36 | z1unknown · age_up feudal |
| 8:44 | z1unknown · first_building Archery Range |
| 9:17 | [RUS-F]Believe_me · age_up feudal |
| 10:26 | [RUS-F]Believe_me · first_building Archery Range |
| 11:17 | [RUS-F]Believe_me · wall_segment Palisade Wall x1 |
| 11:19 | [RUS-F]Believe_me · wall_segment Palisade Wall x1 |
| 11:20 | z1unknown · wall_segment Palisade Wall x1 |
| 11:20 | [RUS-F]Believe_me · wall_segment Palisade Wall x1 |
| 11:20 | [RUS-F]Believe_me · wall_segment Palisade Wall x1 |
| 11:27 | z1unknown · wall_segment Palisade Wall x1 |
| 11:28 | z1unknown · wall_segment Palisade Wall x1 |
| 12:03 | z1unknown · wall_segment Palisade Wall x1 |
| 12:03 | z1unknown · wall_segment Palisade Wall x1 |
| 12:04 | z1unknown · wall_segment Palisade Wall x1 |
| 12:22 | [RUS-F]Believe_me · wall_segment Palisade Wall x4 |
| 12:52 | [RUS-F]Believe_me · wall_segment Palisade Wall x1 |
| 12:52 | [RUS-F]Believe_me · wall_segment Palisade Wall x1 |
| 13:00 | z1unknown · wall_segment Palisade Wall x8 |
| 13:02 | z1unknown · wall_segment Palisade Wall x1 |
| 13:02 | z1unknown · wall_segment Palisade Wall x1 |
| 13:13 | z1unknown · wall_segment Palisade Wall x17 |
| 14:34 | [RUS-F]Believe_me · wall_segment Palisade Wall x1 |
| 16:36 | [RUS-F]Believe_me · wall_segment Palisade Wall x1 |
| 16:54 | z1unknown · wall_segment Palisade Wall x1 |
| 17:17 | z1unknown · resign |
[ AI ANALYSIS · 1 CREDIT ]
What really happened in this match?
Wolo.gg analyzes every decision: build order, eco, micro, common mistakes by bracket. Personalized analysis on WhatsApp or Discord in 30 seconds.
Civ guide
Burmese
Perfil
Jugador #380965